 Dungeon Crawl Stone Soup version 0.21-a0-173-g99db44b (webtiles) character file.

195016 Kurtz the Eclecticist (level 19, 0/89 HPs)
             Began as a Kobold Ice Elementalist on Aug 7, 2017.
             Was an Elder of Vehumet.
             Shot with an arrow by a deep elf archer (24 damage)
             ... on level 1 of the Elven Halls.
             The game lasted 02:54:44 (98500 turns).

Kurtz the Eclecticist (Kobold Ice Elementalist)    Turns: 98500, Time: 02:54:45

Health: 0/89       AC: 15    Str:  6    XL:     19   Next: 48%
Magic:  22/51      EV: 20    Int: 27    God:    Vehumet [****..]
Gold:   2581       SH:  0    Dex: 11    Spells: 0/56 levels left

rFire    + + .     SeeInvis +   Q - staff of cold
rCold    + + .     Gourm    .   (shield currently unavailable)
rNeg     + + +     Faith    .   e - +2 robe of Valour {rF+ rN++ Dex-4 SInv}
rPois    +         Spirit   .   y - +2 hat
rElec    .         Reflect  .   O - scarf {rC+ rF+}
rCorr    .         Harm     .   m - +2 pair of gloves {archery}
MR       ++++.     Clarity  +   (no boots)
Stlth    +++.......             K - amulet of the Four Winds {rN+ MR+++ Clar}
HPRegen  0.24/turn              Z - +3 ring of intelligence
MPRegen  0.32/turn              I - ring of magical power

@: no potions
A: antennae 1, iridescent scales 2, thin metallic scales 1, carnivore 3,
mutation resistance 1, poison resistance, screaming 1, wild magic 2
a: Renounce Religion


You were on level 1 of the Elven Halls.
You worshipped Vehumet.
Vehumet was greatly pleased with you.
You were very full.

You visited 5 branches of the dungeon, and saw 27 of its levels.
You also visited: Sewer, Bailey and Volcano.

You collected 4042 gold pieces.
You spent 1461 gold pieces at shops.

Inventory:

Missiles
 M - 5 throwing nets (quivered)
 U - 7 tomahawks of dispersal
Armour
 e - the +2 robe of Valour (worn) {rF+ rN++ Dex-4 SInv}
   (You bought it in a shop on level 1 of the Orcish Mines)

   It affects your dexterity (-4).
   It protects you from fire.
   It greatly protects you from negative energy.
   It lets you see invisible.
 m - a +2 pair of gloves of archery (worn)
 y - a +2 hat (worn)
 O - a scarf of resistance (worn)
Magical Staves
 z - an uncursed staff of energy
 Q - an uncursed staff of cold (weapon)
Jewellery
 a - an uncursed ring of magical power
 f - an uncursed ring of wizardry
 g - an uncursed ring of protection from cold
 s - an uncursed ring of protection from magic
 I - a ring of magical power (right hand)
 K - the amulet of the Four Winds (around neck) {rN+ MR+++ Clar}
   (You took it off a deep elf sorcerer on level 3 of the Elven Halls)

   [amulet of nothing]

   It protects you from negative energy.
   It affects your resistance to hostile enchantments.
   It protects you against confusion.
 Z - a +3 ring of intelligence (left hand)
Wands
 b - a wand of iceblast (0/15)
 x - a wand of digging (9/24)
 B - a wand of disintegration (6/24)
 N - a wand of iceblast (7/15)
 S - a wand of iceblast (3/15)
 T - a wand of digging (15/24)
Scrolls
 l - 9 scrolls of fog
 n - 6 scrolls of remove curse
 o - 11 scrolls of recharging
 p - 9 scrolls of teleportation
 r - 12 scrolls of enchant armour
 w - 8 scrolls of fear
 E - 5 scrolls of summoning
 G - 2 scrolls of magic mapping
 H - a scroll of holy word
 L - 2 scrolls of vulnerability
 R - 4 scrolls of blinking
Potions
 h - 4 potions of haste
 i - a potion of cancellation
 k - 4 potions of invisibility
 q - a potion of berserk rage
 t - 8 potions of brilliance
 A - 10 potions of curing
 C - 3 potions of agility
 D - 11 potions of heal wounds
 F - 4 potions of might
 V - 2 potions of flight
 X - a potion of resistance
 Y - a potion of experience {unknown}
Books
 J - a book of Spatial Translocations

   Spells                             Type                      Level
   a - Blink                          Translocation                2
   b - Shroud of Golubria             Charms/Translocation         2
   c - Lesser Beckoning               Translocation                3
   d - Gell's Gravitas                Translocation                3
   e - Teleport Other                 Translocation                3
   f - Passage of Golubria            Translocation                4
Miscellaneous
 j - a phial of floods
 u - a crystal ball of energy
 v - a lamp of fire
 W - a lightning rod (4/4)
Comestibles
 c - 14 meat rations
 d - 12 royal jellies


   Skills:
 * Level 10.3 Dodging
 + Level 5.2 Stealth
 * Level 19.0 Spellcasting
 * Level 14.4 Conjurations
 * Level 17.4 Ice Magic
 * Level 12.5 Evocations


You couldn't memorise any spells.
You knew the following spells:

 Your Spells              Type           Power        Failure   Level  Hunger
a - Freeze                Ice            ####         1%          1    None
b - Throw Frost           Conj/Ice       ######       1%          2    None
c - Ozocubu's Armour      Chrm/Ice       ########     1%          3    None
d - Throw Icicle          Conj/Ice       ########     1%          4    None
e - Summon Ice Beast      Ice/Summ       ########     2%          4    None
f - Regeneration          Chrm/Necr      #####.....   12%         3    None
g - Orb of Destruction    Conj           ########..   2%          7    ####...
h - Inner Flame           Hex/Fire       #####...     3%          3    None
i - Freezing Cloud        Conj/Ice/Air   ########..   2%          6    ##.....
j - Bolt of Cold          Conj/Ice       ########..   1%          6    ##.....
k - Ozocubu's Refrigerat  Ice            ########..   1%          6    ##.....
l - Spellforged Servitor  Conj/Summ      #######...   28%         7    ####...
m - Passage of Golubria   Tloc           N/A          32%         4    None


Dungeon Overview and Level Annotations

Branches:
Dungeon (15/15)            Temple (1/1) D:7            Lair (6/6) D:11
 Shoals (0/4) Lair:3       Spider (0/4) Lair:4        Slime (0/5) Lair:6
    Orc (2/2) D:9             Elf (3/3) Orc:2        Vaults (0/5) D:13
 Depths (0/5) D:15

Altars:
Ashenzari
Cheibriados
Dithmenos
Elyvilon
Fedhas
Gozag
Hepliaklqana
Kikubaaqudgha
Makhleb
Nemelex Xobeh
Okawaru
Qazlal
Ru
Sif Muna
Trog
Uskayaw
Vehumet
Wu Jian
Xom
Yredelemnul
Zin
The Shining One
Beogh

Shops:
Orc:1 [%   Orc:2 :(%(   Elf:1 *(

Annotations:
D:12 exclusion: downstairs
Lair:2 exclusion: oklob plant
Lair:3 exclusion: 3 oklob plants
Lair:6 1 exclusion
Elf:2 3 runed doors


Innate Abilities, Weirdness & Mutations

You are small and have problems with some larger weapons.
You are carnivorous and can eat meat at any time.
You have a pair of small antennae on your head.
You are mostly covered in iridescent scales. (AC +4)
You are partially covered in thin metallic scales. (AC +2)
You are somewhat resistant to further mutation.
Your system is resistant to poisons. (rPois)
You occasionally shout uncontrollably at your foes.
Your spells are harder to cast, but more powerful.


Message History

You resist.
You feel very cold.
* * * LOW HITPOINT WARNING * * *
The deep elf mage is frozen.
You kill the deep elf mage!
Vehumet accepts your kill.
You feel your power returning.
You shout at the deep elf archer!
A deep elf archer comes into view. It is wielding a short sword.
Casting: Ozocubu's Refrigeration
Confirm with . or Enter, or press ? or * to list all spells.
Aiming: Throw Icicle
Press: ? - help, Shift-Dir - straight line, f - deep elf archer
Aim: a deep elf archer, wielding a short sword and wearing a leather armour (repelling missiles)
You feel a surge of power!
The shard of ice hits the deep elf archer.
The deep elf archer is severely wounded.
The deep elf archer unwields an uncursed short sword.
The deep elf archer wields an uncursed longbow.
The deep elf archer shoots an arrow.
The arrow hits you!!
You die...

#....#..#......#...#...#.
#.#............#...#...#.
#...###.###....#...#...#.
######..e#...###.....#...#.
#.#.....)#......###..+...#.
#.#.....#e#.#......#.#...#.
#..#...)#.#..#.....#.##'##.
##.#...#...#.......#.......
#..#..#..@#........#......
#..#.....[[#.......#.'###.
#...#...>#.#....#..#....#.
#.#.#.()(#..##...#..#...#.
#.##.)#..###..##[...#.###.
#.....#(.^......##..#.....
####..#..[........##......
#..######'...##..#.####
#..........##....#.....


You could see a deep elf archer and a deep elf mage.

Vanquished Creatures
  Rupert (Orc:2)
  A deep elf blademaster (Elf:3)
  2 deep elf master archers (Elf:3)
  A sphinx (D:6)
  Kirke (Lair:4)
  A tengu reaver (D:13)
  Roxanne (Elf:1)
  Donald (Elf:1)
  3 deep elf sorcerers (Elf:3)
  4 deep elf elementalists (Elf:3)
  3 deep elf demonologists (Elf:3)
  A deep elf annihilator (Elf:3)
  Nessos (D:15)
  A dire elephant (Lair:5)
  An ettin (Orc:1)
  An ettin (shapeshifter) (D:15)
  6 deep elf death magi (Elf:3)
  A yaktaur captain (D:4)
  A great orb of eyes (D:13)
  2 ogre magi (D:13)
  Erolcha (Orc:2)
  8 hydras
  2 centaur warriors
  13 two-headed ogres
  18 dancing weapons
  A merfolk avatar (Lair:6)
  The ghost of Ofeo the Grappler, a novice TrMo of Ru (D:10)
  3 tengu warriors
  9 orc high priests (Orc:2)
  A hell knight (Volcano)
  A shock serpent (shapeshifter) (D:15)
  Sonja (Orc:1)
  6 skeletal warriors
  8 deep elf knights
  4 unseen horrors
  The ghost of Kurtz the Thaumaturge, a novice KoIE (D:7)
  A sea snake (Lair:6)
  13 deep elf archers
  A glowing orange brain (D:15)
  A harpy (shapeshifter) (D:15)
  6 orc knights
  13 ugly things
  An orb spider (shapeshifter) (D:15)
  48 deep elf magi
  A wolf spider zombie (D:15)
  2 harpies (Lair:6)
  3 orc sorcerers
  9 cyclopes
  7 manticores
  3 black mambas
  A centaur zombie (D:13)
  10 elephants
  5 gargoyles
  An eye of devastation (Lair:6)
  A smoke demon (Volcano)
  2 kobold demonologists
  7 rime drakes
  12 komodo dragons
  16 spiny frogs
  6 efreet
  3 yaktaurs
  A tengu conjurer (D:13)
  A meliai (shapeshifter) (D:15)
  A queen bee (shapeshifter) (Elf:3)
  A troll (shapeshifter) (D:15)
  5 polar bears
  A jumping spider (shapeshifter) (D:11)
  4 hornets
  9 trolls
  Grinder (D:4)
  8 blink frogs
  A polar bear (shapeshifter) (D:14)
  6 dream sheep (Lair:6)
  12 hippogriffs
  18 slime creatures
  A redback (Lair:4)
  Sigmund (D:3)
  4 shadows
  3 wraiths
  5 spriggans (Lair:1)
  7 wyverns
  4 water elementals
  The ghost of contrafunktus the Skirmisher, an amateur HOMo (D:3)
  2 fire elementals
  31 yaks
  A hog (Lair:4)
  5 basilisks
  A steam dragon (Lair:3)
  2 hungry ghosts
  7 vampire mosquitoes (D:15)
  8 wargs
  3 soldier ants
  4 acid dragons
  12 porcupines
  3 hell hounds (Volcano)
  17 water moccasins
  38 orc warriors
  6 ice beasts
  5 sky beasts
  5 black bears
  2 phantoms
  A hornet zombie (D:9)
  Purgy (D:3)
  An eye of draining (D:8)
  19 wolves
  3 necrophages
  12 centaurs
  17 ogres
  19 crocodiles
  5 big kobolds
  17 bullfrogs
  3 earth elementals
  4 wyvern zombies
  A gnoll sergeant (D:9)
  A water moccasin zombie (D:12)
  3 scorpions
  2 wyvern skeletons
  20 killer bees
  2 wights (D:7)
  3 electric eels
  3 howler monkeys
  5 crimson imps
  A quasit (D:11)
  3 bullfrog zombies
  8 hounds
  38 orc priests
  8 jellies
  30 orc wizards
  4 bullfrog skeletons
  2 centaur skeletons
  Jessica (D:2)
  6 iguanas
  11 worker ants
  A killer bee zombie (D:9)
  3 hound skeletons
  4 worker ant zombies
  9 gnolls
  26 adders
  8 shadow imps
  3 oozes
  An adder zombie (D:5)
  2 adder skeletons
  7 worms
  4 dart slugs
  11 leopard geckos
  170 orcs
  13 giant cockroaches
  12 goblins
  12 hobgoblins
  17 jackals
  7 quokkas
  4 ball pythons
  15 bats
  5 frilled lizards
  A jackal skeleton (D:8)
  39 kobolds
  2 quokka skeletons
  A quokka zombie (D:8)
  21 rats
  2 crawling corpses (Elf:3)
  3 fungi (Lair:6)
  A plant (Lair:6)
1190 creatures vanquished.

Vanquished Creatures (collateral kills)
  A deep elf blademaster (Elf:3)
  A deep elf sorcerer (Elf:3)
  Aizul (Elf:1)
  3 deep elf demonologists (Elf:3)
  6 deep elf death magi (Elf:3)
  A rakshasa (D:11)
  A hydra (Lair:1)
  A two-headed ogre (D:10)
  4 dancing weapons
  A skeletal warrior (D:13)
  The ghost of qqqbard the Cleaver, a novice HOMo (D:6)
  4 deep elf knights
  A glowing orange brain (shapeshifter) (D:4)
  7 deep elf archers
  2 orc knights
  An orc sorcerer (Elf:1)
  9 deep elf magi
  3 ugly things (D:14)
  A cyclops (D:13)
  3 slime creatures
  An elephant (Lair:4)
  A centaur zombie (D:15)
  A spiny frog (Lair:2)
  2 yaktaurs (D:11)
  5 blink frogs
  2 hippogriffs
  An air elemental (Elf:1)
  2 water elementals
  A spriggan (Lair:1)
  5 yaks (Lair:3)
  A hungry ghost (D:9)
  A steam dragon (D:7)
  3 vampire mosquitoes (D:15)
  An acid dragon (D:15)
  A soldier ant (D:11)
  4 water moccasins
  A porcupine (Lair:1)
  An eye of draining (D:11)
  5 orc warriors
  2 phantoms
  2 ogres
  3 wolves (Lair:1)
  A crocodile (shapeshifter) (D:15)
  2 big kobolds
  2 bullfrogs
  A wyvern zombie (D:8)
  A scorpion (D:13)
  11 killer bees
  2 wights
  A bullfrog zombie (D:8)
  An orc priest (Orc:2)
  A jelly (D:10)
  2 orc wizards
  An iguana (shapeshifter) (Elf:3)
  An iguana (D:9)
  A worker ant zombie (D:10)
  An adder (D:6)
  A shadow imp (D:8)
  19 orcs
  3 jackals (D:6)
  12 kobolds
  3 plants
165 creatures vanquished.

Vanquished Creatures (others)
  3 humans (Lair:4)
  A water moccasin (Lair:4)
  An orc wizard (D:9)
  10 fulminant prisms
  16 fungi
  40 plants
71 creatures vanquished.

Grand Total: 1426 creatures vanquished

Notes
Turn   | Place    | Note
-------+----------+-------------------------------------------
     0 | D:1      | Kurtz the Kobold Ice Elementalist began the quest for the Orb.
     0 | D:1      | Reached XP level 1. HP: 10/10 MP: 3/3
   273 | D:1      | Reached XP level 2. HP: 15/15 MP: 1/5
   711 | D:1      | Learned a level 2 spell: Throw Frost
   876 | D:1      | Reached XP level 3. HP: 19/19 MP: 6/6
   899 | D:1      | You fall through a shaft!
  1332 | D:2      | Learned a level 3 spell: Ozocubu's Armour
  1437 | D:2      | Reached skill level 3 in Spellcasting
  1437 | D:2      | Reached XP level 4. HP: 12/24 MP: 1/8
  1983 | D:2      | Noticed Jessica
  1991 | D:2      | Killed Jessica
  1991 | D:2      | Reached XP level 5. HP: 28/28 MP: 1/10
  6656 | D:1      | Noticed a deep elf mage
  6691 | D:2      | Learned a level 4 spell: Throw Icicle
  6978 | D:3      | Noticed contrafunktus's ghost (amateur HOMo)
  7304 | D:3      | Found a snail-covered altar of Cheibriados.
  7585 | D:4      | Noticed Grinder
  7959 | D:3      | Reached skill level 4 in Spellcasting
  7959 | D:3      | Reached XP level 6. HP: 15/32 MP: 0/12
  8635 | D:3      | Noticed Sigmund
  8636 | D:3      | Noticed Purgy
  8776 | D:3      | Killed contrafunktus's ghost
  8776 | D:3      | Reached skill level 5 in Spellcasting
  8776 | D:3      | Reached skill level 5 in Ice Magic
  8776 | D:3      | Reached XP level 7. HP: 26/36 MP: 1/14
  8915 | D:3      | Killed Sigmund
  8981 | D:3      | Killed Purgy
  9016 | D:3      | Learned a level 4 spell: Summon Ice Beast
 11085 | D:4      | Paralysed by Grinder for 6 turns
 11108 | D:4      | Killed Grinder
 11108 | D:4      | Reached skill level 6 in Spellcasting
 11108 | D:4      | Reached XP level 8. HP: 41/41 MP: 0/17
 12183 | D:3      | Found an ornate altar of the Wu Jian Council.
 12945 | D:1      | Killed a deep elf mage
 12945 | D:1      | Reached skill level 7 in Spellcasting
 14715 | D:4      | Reached XP level 9. HP: 45/45 MP: 13/19
 16371 | D:5      | Entered Level 5 of the Dungeon
 16392 | D:5      | Found a glowing drain.
 16429 | Sewer    | Entered a sewer
 16902 | D:5      | Learned a level 3 spell: Regeneration
 17393 | D:5      | Gained mutation: Your body sometimes deteriorates upon taking damage. [mutagenic meat]
 17394 | D:5      | Gained mutation: You are frail. (-10% HP) [mutagenic meat]
 17395 | D:5      | Gained mutation: You are partially covered in thin metallic scales. (AC +2) [mutagenic meat]
 17396 | D:5      | Gained mutation: You occasionally shout uncontrollably at your foes. [mutagenic meat]
 17397 | D:5      | Gained mutation: You are partially covered in iridescent scales. (AC +2) [mutagenic meat]
 17761 | D:5      | Reached skill level 8 in Spellcasting
 17916 | D:5      | Learned a level 3 spell: Dazzling Spray
 20554 | D:6      | Noticed qqqbard's ghost (novice HOMo)
 23362 | D:6      | Killed qqqbard's ghost
 23362 | D:6      | Reached skill level 5 in Conjurations
 23362 | D:6      | Reached XP level 10. HP: 19/45 MP: 0/22
 23591 | D:6      | Found a shadowy altar of Dithmenos.
 23914 | D:7      | Noticed Kurtz's ghost (novice KoIE)
 24197 | D:6      | Reached skill level 9 in Spellcasting
 24292 | D:6      | Found an opulent altar of Gozag.
 24806 | D:5      | Noticed a two-headed ogre
 25428 | D:5      | Killed a two-headed ogre
 26253 | D:4      | Noticed a glowing orange brain
 26271 | D:4      | Killed a glowing orange brain
 26278 | D:4      | Gained mutation: You are mostly covered in iridescent scales. (AC +4) [mutagenic meat]
 27315 | D:6      | Found a bloodstained altar of Trog.
 27513 | D:7      | Found a staircase to the Ecumenical Temple.
 27528 | Temple   | Entered the Ecumenical Temple
 27692 | Temple   | Became a worshipper of Vehumet
 28103 | D:7      | Reached skill level 10 in Spellcasting
 28562 | D:4      | Noticed a yaktaur captain
 30047 | D:7      | Killed Kurtz's ghost
 30527 | D:6      | Noticed a sphinx
 30536 | D:6      | Paralysed by a sphinx for 3 turns
 30554 | D:6      | Killed a sphinx
 30554 | D:6      | Reached skill level 10 in Ice Magic
 30554 | D:6      | Reached XP level 11. HP: 21/48 MP: 2/25
 31833 | D:8      | Reached * piety under Vehumet
 31833 | D:8      | Offered knowledge of Magic Dart by Vehumet.
 32074 | D:8      | Reached skill level 11 in Spellcasting
 34070 | D:8      | Reached ** piety under Vehumet
 34197 | D:8      | Offered knowledge of Throw Flame by Vehumet.
 34380 | D:8      | Lost mutation: Your body sometimes deteriorates upon taking damage. [potion of mutation]
 34380 | D:8      | Lost mutation: You are frail. (-10% HP) [potion of mutation]
 34380 | D:8      | Gained mutation: Your spells are a little harder to cast, but a little more powerful. [potion of mutation]
 34380 | D:8      | Gained mutation: You have supernaturally acute eyesight. (SInv) [potion of mutation]
 35057 | D:8      | Noticed a two-headed ogre
 35081 | D:8      | Killed a two-headed ogre
 35890 | D:9      | Found a staircase to the Orcish Mines.
 36014 | D:9      | Offered knowledge of Inner Flame by Vehumet.
 36023 | D:9      | Noticed a two-headed ogre
 36043 | D:9      | Killed a two-headed ogre
 36118 | D:9      | Learned a level 3 spell: Inner Flame
 38385 | D:10     | Entered Level 10 of the Dungeon
 38746 | D:10     | Reached XP level 12. HP: 59/59 MP: 15/27
 38883 | D:10     | Noticed Ofeo's ghost (novice TrMo)
 38925 | D:10     | Killed Ofeo's ghost
 39333 | D:10     | Noticed a two-headed ogre
 39349 | D:10     | Killed a two-headed ogre
 39394 | D:10     | Reached *** piety under Vehumet
 40335 | D:9      | Reached skill level 12 in Spellcasting
 42079 | D:8      | Noticed a two-headed ogre
 42083 | D:8      | Killed a two-headed ogre
 44139 | D:11     | Noticed a centaur warrior
 44143 | D:11     | Killed a centaur warrior
 45729 | D:11     | Offered knowledge of Sticky Flame by Vehumet.
 45729 | D:11     | Reached skill level 1 in Evocations
 45837 | D:11     | Found a staircase to the Lair.
 45939 | D:11     | Lost mutation: You have supernaturally acute eyesight. (SInv) [mutagenic meat]
 45940 | D:11     | Gained mutation: Your spells are harder to cast, but more powerful. [mutagenic meat]
 45941 | D:11     | Gained mutation: You have a pair of small antennae on your head. [mutagenic meat]
 45942 | D:11     | Gained mutation: Your magical capacity is low. (-10% MP) [mutagenic meat]
 45943 | D:11     | Gained mutation: Your system is resistant to poisons. (rPois) [mutagenic meat]
 46303 | D:11     | Found an ornate altar of the Wu Jian Council.
 46893 | D:11     | Killed an unseen horror
 47132 | D:11     | Noticed an eight-headed hydra
 47150 | D:11     | Killed an eight-headed hydra
 47150 | D:11     | Reached XP level 13. HP: 63/63 MP: 17/26
 47462 | D:11     | Reached skill level 13 in Spellcasting
 47502 | D:11     | Gained mutation: You are somewhat resistant to further mutation. [mutagenic meat]
 47676 | D:11     | Noticed a rakshasa
 47683 | D:11     | Killed a rakshasa
 47751 | D:11     | Found an ancient bone altar of Kikubaaqudgha.
 47753 | D:11     | Found a sparkling altar of Nemelex Xobeh.
 47753 | D:11     | Found an ancient bone altar of Kikubaaqudgha.
 47769 | D:11     | Reached **** piety under Vehumet
 47778 | D:11     | Found a radiant altar of Vehumet.
 51770 | D:12     | Lost mutation: Your magical capacity is low. (-10% MP) [mutagenic meat]
 52026 | Lair:1   | Entered Level 1 of the Lair of Beasts
 52064 | D:12     | Identified the Reference Book on Cloudy Combat Magic
 52533 | D:12     | Found a sacrificial altar of Ru.
 52588 | D:12     | Got a steaming leather armour
 52599 | D:12     | Identified the cursed +1 leather armour of the Sailor {MR++ Regen+} (You found it on level 12 of the Dungeon)
 52744 | D:12     | Offered knowledge of Fulminant Prism by Vehumet.
 52863 | Lair:1   | Learned a level 4 spell: Fulminant Prism
 53416 | Lair:1   | Noticed an eight-headed hydra
 53539 | Lair:1   | Reached skill level 5 in Evocations
 53729 | Lair:1   | Killed an eight-headed hydra
 53768 | Lair:1   | Reached skill level 5 in Dodging
 54016 | Lair:2   | Reached skill level 10 in Conjurations
 54471 | Lair:2   | Noticed a five-headed hydra
 54487 | Lair:2   | Killed a five-headed hydra
 54776 | Lair:2   | Reached skill level 14 in Spellcasting
 55014 | Lair:2   | Reached XP level 14. HP: 68/68 MP: 25/32
 56011 | Lair:3   | Reached skill level 5 in Stealth
 56044 | Lair:3   | Found a staircase to the Shoals.
 56048 | Lair:3   | Reached ***** piety under Vehumet
 56067 | Lair:3   | Offered knowledge of Bolt of Cold by Vehumet.
 56116 | Lair:3   | Learned a level 6 spell: Bolt of Cold
 59287 | D:13     | Found a runed door.
 59311 | D:13     | Found a blossoming altar of Fedhas.
 59920 | D:14     | Reached skill level 15 in Spellcasting
 59968 | D:14     | Offered knowledge of Venom Bolt by Vehumet.
 60125 | D:14     | Found a snail-covered altar of Cheibriados.
 60138 | D:14     | Reached XP level 15. HP: 72/72 MP: 24/34
 62508 | D:13     | Noticed a tengu reaver
 62511 | D:13     | Killed a tengu reaver
 63606 | D:13     | Found a gate to the Vaults.
 70724 | D:15     | Entered Level 15 of the Dungeon
 70728 | D:15     | Reached skill level 15 in Ice Magic
 70920 | D:15     | Reached skill level 16 in Spellcasting
 71435 | D:15     | Reached XP level 16. HP: 76/76 MP: 36/36
 71608 | D:15     | Found a staircase to the Depths.
 71754 | D:15     | Noticed Nessos
 71758 | D:15     | Killed Nessos
 73629 | Lair:4   | Noticed Kirke
 73634 | Lair:4   | Killed Kirke
 73783 | Lair:4   | Found a hole to the Spider Nest.
 75938 | Lair:6   | Entered Level 6 of the Lair of Beasts
 78522 | Lair:6   | Found a staircase to the Slime Pits.
 78559 | Lair:6   | Offered knowledge of Orb of Destruction by Vehumet.
 79661 | Lair:6   | Reached skill level 10 in Evocations
 79988 | Lair:6   | Reached XP level 17. HP: 80/80 MP: 29/37
 81637 | Lair:6   | Reached skill level 17 in Spellcasting
 86854 | Orc:1    | Entered Level 1 of the Orcish Mines
 86854 | Orc:1    | Found a flagged portal.
 86892 | Bailey   | Entered a bailey
 87189 | Orc:1    | Found a dark tunnel.
 87408 | Volcano  | Entered a volcano
 87855 | Orc:1    | Found Tittiad's Antique Armour Shop.
 87859 | Orc:1    | Offered knowledge of Ozocubu's Refrigeration by Vehumet.
 88029 | Orc:1    | Learned a level 6 spell: Ozocubu's Refrigeration
 88139 | Orc:1    | Found Ephisig's Food Shop.
 88272 | Orc:1    | Found a roughly hewn altar of Beogh.
 88310 | Orc:1    | Bought an ominously black robe for 188 gold pieces
 88320 | Orc:1    | Identified the +2 robe of Valour {rF+ rN++ Dex-4 SInv} (You bought it in a shop on level 1 of the Orcish Mines)
 88320 | Orc:1    | Bought a pair of runed gloves for 247 gold pieces
 88334 | Orc:1    | Bought a polished leather armour for 231 gold pieces
 88344 | Orc:1    | Identified the cursed +0 leather armour of Jishusim {rCorr} (You bought it in a shop on level 1 of the Orcish Mines)
 89694 | Orc:2    | Entered Level 2 of the Orcish Mines
 89694 | Orc:2    | Found a staircase to the Elven Halls.
 89797 | Orc:2    | Noticed Rupert
 89823 | Orc:2    | Killed Rupert
 89908 | Orc:2    | Noticed Sonja
 89977 | Orc:1    | Killed Sonja
 90563 | Orc:2    | Found Weticio's Antique Weapon Shoppe.
 90563 | Orc:2    | Found Itaguiph's Food Shop.
 90600 | Orc:2    | Noticed Erolcha
 90608 | Orc:2    | Killed Erolcha
 90657 | Orc:2    | Found a roughly hewn altar of Beogh.
 90703 | Orc:2    | Found Refregin's Weapon Shoppe.
 90703 | Orc:2    | Found Videu's Book Shop.
 90815 | Orc:2    | Bought Sif Muna's Catalogue of Hexes and Battle Magic for 765 gold pieces
 90823 | Orc:2    | Learned a level 7 spell: Spellforged Servitor
 91067 | Orc:1    | Learned a level 7 spell: Orb of Destruction
 91088 | Orc:2    | Offered knowledge of Poison Arrow by Vehumet.
 91462 | Elf:1    | Entered Level 1 of the Elven Halls
 91516 | Elf:1    | Noticed Roxanne
 91643 | Elf:1    | Killed Roxanne
 92178 | Elf:1    | Reached XP level 18. HP: 85/85 MP: 13/39
 92354 | Elf:1    | Found Ewiz's Antique Weapon Shop.
 92450 | Elf:1    | Reached skill level 18 in Spellcasting
 92702 | Elf:1    | Found Obirgh's General Store.
 92706 | Elf:1    | Bought a scroll of identify for 30 gold pieces
 92706 | Elf:1    | Identified a scroll of acquirement
 92714 | Elf:1    | Noticed Aizul
 92723 | Elf:1    | Killed Aizul
 92938 | Elf:1    | Noticed Donald
 92955 | Elf:1    | Killed Donald
 93115 | Elf:2    | Found a deep blue altar of Sif Muna.
 94233 | Elf:2    | Found a runed gate.
 94233 | Elf:2    | Found a runed gate.
 94234 | Elf:2    | Found a runed gate.
 94305 | Elf:3    | Entered Level 3 of the Elven Halls
 94638 | Elf:3    | Reached ****** piety under Vehumet
 94665 | Elf:3    | Offered knowledge of Freezing Cloud by Vehumet.
 94833 | Lair:1   | Learned a level 6 spell: Freezing Cloud
 95642 | Elf:3    | Noticed a deep elf master archer
 95645 | Elf:3    | Killed a deep elf master archer
 95645 | Elf:3    | Reached XP level 19. HP: 32/89 MP: 27/41
 95703 | Elf:3    | Noticed a deep elf blademaster
 95709 | Elf:3    | Killed a deep elf blademaster
 95743 | Elf:3    | Noticed a deep elf blademaster
 95751 | Elf:3    | Killed a deep elf blademaster
 95751 | Elf:3    | Reached skill level 10 in Dodging
 97895 | Elf:3    | Reached skill level 19 in Spellcasting
 97943 | Elf:3    | Learned a level 4 spell: Passage of Golubria
 98500 | Elf:1    | Shot with an arrow by a deep elf archer

Vault maps used:
D:1:      dpeg_arrival_windows_large_door
D:2:      serial_curves, eino_curves_02, eino_curves_01, eino_curves_04,
          eino_curves_04, uniq_jessica
D:3:      lemuel_upstairs_altar, cheibriados_altar_1, nrook_mini_backslash,
          uniq_sigmund, uniq_purgy
D:4:      first_bread, uniq_grinder
D:5:      portal_sewer_entry_f
D:6:      old_standard_altar, nicolae_overflow_hidden_temple,
          lexackson_kobold_supper
D:7:      minmay_temple_entry_purple_smoke, grunt_ogre_cave
D:8:      minmay_unpleasant_kobolds
D:9:      hiddenorc2_lemuel
D:10:     kennysheep_generic_room_14
D:11:     minmay_the_grid_octo_tiled_squarecenter, serial_bayou,
          serial_bayou_pond_e, serial_bayou_lagoon_a, serial_bayou_lake_a,
          serial_bayou_pond_b
D:12:     basic_altar, minmay_misc_feat_cross
D:13:     erik_vaults_1, minmay_st_funbox, fedhas_altar_3
D:14:     basic_altar, st_stairs_9
D:15:     gammafunk_enter_depths_forms, hangedman_glass_teeth, uniq_nessos
Temple:   dpeg_five_rooms_temple
Lair:1:   wad_woods_01
Lair:2:   minmay_lair_oklob_bushes, serial_bayou_shore_a, lemuel_fruit_fields
Lair:3:   minmay_shoals_entry_beasts, minmay_lair_oklob_chamber
Lair:4:   spider_nest_entry_webs, infiniplex_staircase_pool_2, uniq_kirke
Lair:6:   gammafunk_lair_ancient_temple, minmay_slime_entry_pillars
Orc:1:    basic_altar, enter_bailey_2, serial_shops, shop_fountains, shop_coins,
          enter_volcano_1
Orc:2:    st_orc_town, uniq_rupert, uniq_sonja, uniq_erolcha
Elf:1:    eino_elf_arrival_sip, serial_sigils, serial_sigils_hangedman_stare,
          serial_sigils_hangedman_etch, serial_sigils_hangedman_scar,
          serial_sigils_hangedman_clutch, serial_sigils_hangedman_gut,
          serial_sigils_hangedman_scratch, serial_shops, shop,
          nicolae_shop_trees, hex_medium, minivault_28, uniq_roxanne,
          uniq_donald, uniq_aizul
Elf:2:    basic_altar, billiards_dpeg
Elf:3:    elf_hall
Sewer:    kennysheep_pipe_town
Bailey:   bailey_polearm_5, bailey
Volcano:  volcano_pools

Skill      XL: |  1  2  3  4  5  6  7  8  9 10 11 12 13 14 15 16 17 18 19 |
---------------+----------------------------------------------------------+-----
Spellcasting   | 3 4 5 6 7 8 10 11 12 14 15 16 17 18 19 | 19.0
Ice Magic      | 4 5 6 7 8 10 11 12 13 14 15 16 17 | 17.4
Conjurations   | 2 3 5 6 7 8 10 11 12 13 14 | 14.4
Dodging        | 3 4 5 6 7 8 9 10 | 10.3
Stealth        | 3 4 5 |  5.2
Evocations     | 2 5 7 8 10 11 12 | 12.5

Action                   |  1- 3 |  4- 6 |  7- 9 | 10-12 | 13-15 | 16-18 | 19-21 || total
-------------------------+-------+-------+-------+-------+-------+-------+-------++-------
Melee: Unarmed           |    33 |       |       |       |       |       |       ||    33
       Short sword       |    13 |    35 |   138 |   189 |       |       |       ||   375
       Staff             |       |       |       |     4 |    92 |     9 |     1 ||   106
Throw: Throwing net      |       |       |       |     1 |       |       |       ||     1
 Cast: Freeze            |    34 |    38 |    50 |    53 |    43 |    19 |       ||   237
       Throw Frost       |     9 |    74 |    85 |   162 |   118 |   165 |     3 ||   616
       Ozocubu's Armour  |     1 |     9 |    16 |    26 |    35 |    53 |     5 ||   145
       Throw Icicle      |       |     7 |    57 |   240 |   394 |   368 |    38 ||  1104
       Summon Ice Beast  |       |       |    20 |    63 |    82 |    64 |     3 ||   232
       Dazzling Spray    |       |       |     1 |    13 |     2 |       |       ||    16
       Regeneration      |       |       |       |     1 |     3 |    11 |     1 ||    16
       Fulminant Prism   |       |       |       |       |     7 |     3 |       ||    10
       Bolt of Cold      |       |       |       |       |    87 |   240 |    25 ||   352
       Inner Flame       |       |       |       |       |     2 |    14 |       ||    16
       Spellforged Servi |       |       |       |       |       |    22 |    10 ||    32
       Freezing Cloud    |       |       |       |       |       |     7 |     3 ||    10
       Ozocubu's Refrige |       |       |       |       |       |     2 |     6 ||     8
       Orb of Destructio |       |       |       |       |       |     1 |       ||     1
Evoke: Wand              |       |       |       |     5 |     1 |     9 |       ||    15
       Staff of energy   |       |       |       |    23 |   243 |   386 |    47 ||   699
       Crystal ball of e |       |       |       |       |       |       |     1 ||     1
  Use: Scroll            |       |       |     4 |     8 |    17 |    17 |     2 ||    48
       Potion            |       |       |       |     1 |     1 |       |       ||     2
 Stab: Sleeping          |     1 |     3 |     1 |       |       |       |       ||     5
       Distracted        |       |       |       |     1 |       |       |       ||     1
  Eat: Chunk             |    11 |    27 |    57 |    85 |    94 |    91 |    12 ||   377
       Royal jelly       |       |       |       |     3 |       |     1 |       ||     4
Armor: Robe              |     4 |    12 |    67 |    19 |       |       |     2 ||   104
       Steam dragon scal |       |       |       |    32 |       |       |       ||    32
       Troll leather arm |       |       |       |    60 |     4 |       |       ||    64
       Leather armour    |       |       |       |       |    54 |    79 |     2 ||   135
Dodge: Dodged            |    55 |    67 |   167 |   264 |   124 |   155 |     8 ||   840
